 Dungeon Crawl Stone Soup version 0.30-a0-743-gbfdf073431 (webtiles) character file.

Game seed: 12288330915009635447

217 BlueFish the Sneak (level 5, -4/38 HPs)
             Began as a Vampire Enchanter on Feb 6, 2023.
             Splashed by a jelly's acid (9 damage)
             ... on level 4 of the Dungeon.
             The game lasted 00:12:32 (3090 turns).

BlueFish the Sneak (Vampire Enchanter)              Turns: 3090, Time: 00:12:33

Health: -4/38      AC: -13   Str:  7    XL:     5   Next: 62%
Magic:  1/9        EV: 13    Int: 19    God:
Gold:   169        SH:  0    Dex: 15    Spells: 4/9 levels left

rFire   . . .      SeeInvis +    s - +1 dagger (speed)
rCold   . . .      Faith    .    (no shield)
rNeg    . . .      Spirit   .    b - +0 robe
rPois   +          Reflect  .    (no helmet)
rElec   .          Harm     .    k - +0 cloak
rCorr   .          Rampage  .    (no gloves)
Will    .....                    (no boots)
Stlth   +++                      (no amulet)
HPRegen 0.46/turn                u - ring of poison resistance
MPRegen 0.11/turn                (no ring)

@: corroded, healing quickly
A: alive, fangs 3, see invisible, vampiric 2
a: Exsanguinate


You were on level 4 of the Dungeon.
You visited 1 branch of the dungeon, and saw 4 of its levels.

You collected 169 gold pieces.

Inventory:

Hand Weapons
 a - a +1 dagger
 o - a +0 short sword
 s - a +1 dagger of speed (weapon)
Missiles
 e - 2 datura-tipped darts (quivered)
Armour
 b - a +0 robe (worn)
 k - a +0 cloak (worn)
 r - a +1 leather armour of fire resistance
 x - a +2 pair of boots
Jewellery
 u - a ring of poison resistance (left hand)
Wands
 t - a wand of polymorph (8)
Scrolls
 i - a scroll of teleportation {unknown}
 j - a scroll of immolation
 l - a scroll of enchant weapon {unknown}
 m - a scroll of poison {unknown}
 q - a scroll of torment {unknown}
 v - a scroll of blinking
Potions
 c - 2 potions of invisibility
 d - a potion of berserk rage
 f - a potion of attraction
 g - 2 potions of haste
 h - a potion of flight
 p - a potion of mutation
 w - a potion of curing


   Skills:
 + Level 1.7 Fighting
 + Level 2.3 Short Blades
 + Level 1.3 Throwing
 + Level 3.1 Dodging
 + Level 5.4 Stealth
 + Level 2.9 Spellcasting
 + Level 5.3 Hexes


You had 4 spell levels left.
You knew the following spells:

 Your Spells              Type           Power      Damage    Failure   Level
a - Ensorcelled Hibernat  Hex/Ice        24%        N/A       8%          2
b - Confusing Touch       Hex            22%        N/A       5%          3

Your spell library contained the following spells:

 Spells                   Type           Power      Damage    Failure   Level
 Tukima's Dance           Hex            22%        N/A       5%          3
 Dazzling Flash           Conj/Hex       24%        N/A       16%         3
 Cigotuvi's Dreadful Rot  Necr/Pois/Air  4%         N/A       24%         2
 Poisonous Vapours        Pois/Air       4%         N/A       24%         2
 Mephitic Cloud           Conj/Pois/Air  2%         N/A       43%         3
 Freezing Cloud           Conj/Ice/Air   1%         6-21      99%         5
 Simulacrum               Ice/Necr       1%         N/A       100%        6
 Polar Vortex             Ice            1%         N/A       100%        9


Dungeon Overview and Level Annotations

Branches:
Dungeon (4/15)
 Temple: D:4-7

Altars:
Gozag


Innate Abilities, Weirdness & Mutations

Your natural rate of healing is accelerated.
You have razor-sharp teeth.
You have supernaturally acute eyesight. (SInv)
You are afflicted with vampirism and can become a bat while bloodless.


Message History

Confirm with . or Enter, or press ? or * to list all spells.
Aiming: Ensorcelled Hibernation (safe; 8% risk of failure)
Press: ? - help, Shift-Dir - straight line, f/p - ball python
Aim: a ball python (chance to affect: 63%)
The ball python resists with significant effort.
The ball python bites you. The ball python closely misses you.
You hit the ball python.
You kill the ball python!
You hit the jelly.
Your hands burn!
The jelly is moderately wounded.
You hit the jelly. The acid corrodes you!
Your hands burn!
The jelly is heavily wounded.
The jelly closely misses you.
You hit the jelly but do no damage.
Your hands burn!
The jelly is heavily wounded.
You hit the jelly. The acid corrodes you!
Your hands burn!
The jelly is heavily wounded.
The jelly barely misses you.
You hit the jelly but do no damage.
Your hands burn!
The jelly is heavily wounded.
You completely miss the jelly. You bite the jelly, but do no damage.
The jelly is heavily wounded.
The jelly misses you.
You hit the jelly but do no damage.
Your hands burn!
The jelly is heavily wounded.
You hit the jelly but do no damage.
Your hands burn!
You bite the jelly, but do no damage.
The jelly is heavily wounded.
The jelly barely misses you.
You hit the jelly but do no damage.
Your hands burn!
The jelly is heavily wounded.
Your magical contamination has completely faded away.
You hit the jelly but do no damage.
Your hands burn!
The jelly is heavily wounded.
The jelly hits you. The acid corrodes you!
You are splashed with acid!
* * * LOW HITPOINT WARNING * * *
The jelly attacks as you move away! The jelly hits you.
* * * LOW HITPOINT WARNING * * *
The acid corrodes you!
You are splashed with acid!
You die...

############# ####
#...........# #...##
#...........# ......#
#........^..# ....S$$
#@..........######
....$_$###J................
....$J$S.......†.....######
.....#.#.#.................
#.. ...#...................
# #..####..................
.... ####.##....##.....<
..## #............... #
................


You could see a jelly.

Vanquished Creatures
  A scorpion (D:4)
  Jessica (D:3)
  4 adders
  A gnoll (D:1)
  3 worms (D:3)
  2 dart slugs
  4 orcs (D:3)
  5 ball pythons
  5 endoplasms
  3 giant cockroaches (D:1)
  12 hobgoblins
  2 jackals (D:1)
  5 quokkas
  4 bats
  A frilled lizard (D:3)
  A goblin (D:1)
  11 kobolds
  6 rats
71 creatures vanquished.

Notes
Turn   | Place    | Note
-------+----------+-------------------------------------------
     0 | D:1      | BlueFish the Vampire Enchanter began the quest for the Orb.
     0 | D:1      | Reached XP level 1. HP: 13/13 MP: 3/3
   142 | D:1      | Reached XP level 2. HP: 17/19 MP: 5/5
   146 | D:1      | Learned a level 2 spell: Ensorcelled Hibernation
   479 | D:1      | Gained mutation: You are afflicted with vampirism and can
                  | become a bat while bloodless. [Vampire growth]
   479 | D:1      | Reached XP level 3. HP: 21/25 MP: 1/6
   487 | D:1      | Learned a level 3 spell: Confusing Touch
   604 | D:1      | Found a faded altar of an unknown god.
   627 | D:1      | Reached skill level 1 in Fighting
  1596 | D:2      | Reached XP level 4. HP: 26/32 MP: 1/7
  2003 | D:3      | Reached skill level 1 in Throwing
  2003 | D:3      | Reached skill level 5 in Hexes
  2281 | D:3      | Reached skill level 5 in Stealth
  2487 | D:3      | Noticed Jessica
  2495 | D:3      | Killed Jessica
  2496 | D:3      | Reached XP level 5. HP: 37/37 MP: 6/9
  3051 | D:4      | Found an opulent altar of Gozag.
  3090 | D:4      | Splashed by a jelly's acid

Illustrated notes

Levels and vault maps discovered:
D:1:      onia_arrival_mini_maze, layout_loops_cross,
          hellmonk_ecumenical_altar_arch_garden
D:2:      layout_basic, serial_bayou_pond_b, hangedman_decor_push
D:3:      layout_basic, kennysheep_jessica_study
D:4:      layout_rooms, nicolae_gozag_seed_capital, serial_shops,
          nicolae_shop_behind_doors, kennysheep_crisscross, minmay_diced_spiral

Skill      XL: |  1  2  3  4  5 |
---------------+----------------+-----
Fighting       | 1 |  1.7
Throwing       | 1 |  1.3
Hexes          | 5 |  5.3
Short Blades   | 2 |  2.3
Stealth        | 5 |  5.4
Dodging        | 3 |  3.1
Spellcasting   | |  2.9

Action                     |  1- 3 |  4- 6 || total
---------------------------+-------+-------++-------
  Melee: Dagger            |   115 |   112 ||   227
         Bite              |    12 |    12 ||    24
         Punch             |     2 |     2 ||     4
   Cast: Ensorcelled Hiber |    16 |    24 ||    40
    Use: Scroll            |       |     8 ||     8
   Stab: Sleeping          |    17 |    18 ||    35
 Armour: Robe              |    20 |    17 ||    37
  Dodge: Dodged            |    70 |    59 ||   129

Table legend: (Time is in decaauts)
 A = Elapsed time spent in this place.
 B = Non-inter-level travel time spent in this place.
 C = Inter-level travel time spent in this place.
 D = Time resting spent in this place.
 E = Time spent auto-exploring this place.
 F = Levels seen in this place.
 G = Mean time per level.
                   A        B        C        D        E       F      G
               +--------+--------+--------+--------+--------+-----+--------+
         Total |   3056 |   2953 |    103 |      2 |   2238 |   4 |  764.0 |
       Dungeon |   3056 |   2953 |    103 |      2 |   2238 |   4 |  764.0 |
               +--------+--------+--------+--------+--------+-----+--------+

Top non-repeatable levels by time:
     D:1: 1139 daAuts
     D:3: 1012 daAuts
     D:2: 846 daAuts
     D:4: 58 daAuts
